 Dungeon Crawl Stone Soup version 0.31-a0-152-g6aa68a64a1 (webtiles) character file.

Game seed: 14746114340471538132

5614 qw the Skirmisher (level 10, -2/91 HPs)
             Began as a Minotaur Hunter on June 9, 2023.
             Was a Follower of Okawaru.
             Slain by a komodo dragon (26 damage)
             ... on level 1 of the Lair of Beasts.
             The game lasted 00:03:05 (7752 turns).

qw the Skirmisher (Minotaur Hunter)                 Turns: 7752, Time: 00:03:06

Health: -2/91      AC: 10    Str: 15    XL:     10   Next: 45%
Magic:  7/10       EV: 24    Int:  6    God:    Okawaru [*.....]
Gold:   319        SH:  0    Dex: 19    Spells: 9/9 levels left

rFire   + . .        Y - +1 orcbow
rCold   . . .        (shield currently unavailable)
rNeg    . . .        m - +3 leather armour of Impressiveness {+Blink}
rPois   .            (helmet restricted)
rElec   .            (no cloak)
rCorr   .            j - +0 pair of gloves
SInv    .            h - +0 pair of boots
Will    .....        (no amulet)
Stlth   +++          b - ring of protection from fire
HPRegen 0.35/turn    f - +5 ring of evasion
MPRegen 0.12/turn

%: no passive effects
@: lethally poisoned (-2 -> -6), heroic
A: horns 2, retaliatory headbutt
a: Renounce Religion, Evoke Blink, Heroism


You were on level 1 of the Lair of Beasts.
You worshipped Okawaru.
Okawaru was aware of your devotion.
You visited 3 branches of the dungeon, and saw 10 of its levels.

You collected 319 gold pieces.


Innate Abilities, Weirdness & Mutations

You have a pair of horns on your head.
You reflexively headbutt those who attack you in melee.


   Skills:
 - Level 9.2(14.2) Fighting
 + Level 13.7(18.7) Ranged Weapons
 - Level 3.8(8.8) Armour
 - Level 6.0(11.0) Dodging
 - Level 0.7(5.7) Stealth
 + Level 2.6 Invocations


You had 9 spell levels left.
You didn't know any spells.
Your spell library was empty.

Inventory:

Hand Weapons
 Y - a +1 orcbow (weapon)
Armour
 h - a +0 pair of boots (worn)
 j - a +0 pair of gloves (worn)
 m - the +3 leather armour of Impressiveness (worn) {+Blink}
   (You found it on level 3 of the Dungeon)

   +Blink:    It lets you blink.
Jewellery
 b - a ring of protection from fire (left hand)
 f - a +5 ring of evasion (right hand)
Wands
 k - a wand of digging (4)
Scrolls
 n - a scroll of identify
Potions
 a - a potion of magic
 c - a potion of heal wounds
 d - 2 potions of haste
 e - a potion of lignification {unknown}
 g - a potion of curing {unknown}
 i - a potion of brilliance {unknown}

Dungeon Overview and Level Annotations

Branches:
Dungeon (8/15)             Temple (1/1) D:4            Lair (1/5) D:8

Altars:
Cheibriados
Hepliaklqana
Kikubaaqudgha
Makhleb
Nemelex Xobeh
Okawaru
Qazlal
Ru
Sif Muna
Uskayaw
Vehumet
Xom
Yredelemnul
The Shining One


Message History

The cane toad stings you!
You shoot an arrow. The arrow closely misses the cane toad.
The cane toad stings you.
You are poisoned.
The cane toad poisons you!
You shoot an arrow. The arrow hits the cane toad!
The cane toad is severely wounded.
You feel very sick. The cane toad barely misses you.
You shoot an arrow. The arrow barely misses the cane toad.
The arrow hits the komodo dragon but does no damage.
You feel very sick.
You shoot an arrow. The arrow closely misses the cane toad.
The arrow hits the komodo dragon but does no damage.
You feel very sick. The cane toad stings you.
You shoot an arrow. The arrow barely misses the cane toad.
The arrow closely misses the komodo dragon.
You feel very sick. The cane toad misses you.
You shoot an arrow.
The arrow hits the cane toad but does no damage.
The cane toad is heavily wounded.
You feel sick. The cane toad barely misses you.
You shoot an arrow.
The arrow hits the cane toad but does no damage.
The cane toad is heavily wounded.
You feel sick. The cane toad stings you!!
You shoot an arrow. The arrow hits the cane toad!
You kill the cane toad!
Okawaru is honoured by your kill.
You feel like a meek peon again.
You feel sick.
7751 ||| INVOKING Heroism.
You gain the combat prowess of a mighty hero.
You feel sick. The komodo dragon bites you!
You shoot an arrow.
The arrow closely misses the komodo dragon.
You feel sick. The komodo dragon bites you!!
You die...

. ... ....#
......#####
......l@..###
.....###....#
... #...## .
##.## ####)##
#.#.## ##
##.## #.##.##
##...##


You could see a komodo dragon.

Vanquished Creatures
  A two-headed ogre (D:6)
  2 cane toads (Lair:1)
  A rime drake (D:8)
  4 blink frogs
  5 yaks (D:7)
  A water moccasin (D:7)
  3 ice beasts
  5 ogres
  A centaur (D:5)
  3 kobold brigands
  3 bullfrogs
  A gnoll sergeant (D:4)
  A scorpion (D:5)
  4 killer bees (D:8)
  A howler monkey (D:8)
  4 jellies
  7 hounds
  3 orc priests
  3 gnoll boudas
  4 iguanas
  2 orc wizards
  10 adders
  25 gnolls
  A shadow imp (D:7)
  2 white imps (D:5)
  An ufetubus (D:6)
  A worm (D:4)
  2 dart slugs
  23 orcs
  5 endoplasms
  4 giant cockroaches
  5 goblins
  5 hobgoblins
  4 jackals (D:1)
  2 quokkas
  2 ball pythons (D:3)
  3 bats
  4 frilled lizards (D:2)
  17 kobolds
  4 rats
179 creatures vanquished.

Notes
Turn   | Place    | Note
-------+----------+-------------------------------------------
     0 | D:1      | qw the Minotaur Hunter began the quest for the Orb.
     0 | D:1      | Reached XP level 1. HP: 18/18 MP: 0/0
     0 | D:1      | 0 ||| qw: Version: 0.2-a-122-gbc61b45
     0 | D:1      | 0 ||| qw: Game counter: 3341
     0 | D:1      | 0 ||| qw: Always use a shield: true
     0 | D:1      | 0 ||| qw: God list: Okawaru
     0 | D:1      | 0 ||| qw: Allow faded altars: false
     0 | D:1      | 0 ||| qw: Do Orc after D:15 true
     0 | D:1      | 0 ||| qw: Do second Lair branch before Depths: true
     0 | D:1      | 0 ||| qw: Lair rune preference: random
     0 | D:1      | 0 ||| qw: Plans: Normal
     0 | D:1      | 0 ||| PLANNING D:1-11
   355 | D:1      | Reached XP level 2. HP: 25/25 MP: 1/1
   359 | D:1      | Reached skill level 5 in Ranged Weapons
   410 | D:1      | 410 ||| FLEEEEING.
   411 | D:1      | 411 ||| FLEEEEING.
   414 | D:1      | 414 ||| FLEEEEING.
   415 | D:1      | 415 ||| FLEEEEING.
   416 | D:1      | 416 ||| FLEEEEING.
   417 | D:1      | 417 ||| FLEEEEING.
   418 | D:1      | 418 ||| FLEEEEING.
   421 | D:1      | 421 ||| FLEEEEING.
   422 | D:1      | 422 ||| FLEEEEING.
   423 | D:1      | 423 ||| FLEEEEING.
   424 | D:1      | 424 ||| FLEEEEING.
   425 | D:1      | 425 ||| FLEEEEING.
   427 | D:1      | 427 ||| FLEEEEING.
   428 | D:1      | 428 ||| FLEEEEING.
   429 | D:1      | 429 ||| FLEEEEING.
   430 | D:1      | 430 ||| FLEEEEING.
   431 | D:1      | 431 ||| FLEEEEING.
   432 | D:1      | 432 ||| FLEEEEING.
   433 | D:1      | 433 ||| FLEEEEING.
   434 | D:1      | 434 ||| FLEEEEING.
   611 | D:1      | 611 ||| UPGRADING to +0 pair of boots.
   616 | D:1      | 616 ||| UPGRADING to +0 ring mail.
   626 | D:1      | 626 ||| DROPPING +0 leather armour.
   627 | D:1      | 627 ||| UPGRADING to +0 pair of gloves.
   632 | D:1      | 632 ||| DROPPING +6 ring of intelligence.
   633 | D:1      | 633 ||| READING 2 scrolls labelled MOMIEG UMUGUC.
   634 | D:1      | 634 ||| READING scroll labelled JYXZOUNIFE.
   635 | D:1      | 635 ||| DROPPING scroll of vulnerability.
   636 | D:1      | 636 ||| DROPPING scroll of butterflies.
   698 | D:2      | Reached skill level 1 in Armour
   698 | D:2      | 698 ||| Stepping ~*~*~tactically~*~*~ (outnumbered).
   703 | D:2      | Reached skill level 3 in Fighting
   703 | D:2      | Reached XP level 3. HP: 31/31 MP: 2/2
   826 | D:2      | Found a hazy altar of Hepliaklqana.
   965 | D:2      | 965 ||| FLEEEEING.
   966 | D:2      | 966 ||| FLEEEEING.
  1013 | D:2      | Reached XP level 4. HP: 38/38 MP: 3/3
  1321 | D:2      | 1321 ||| UPGRADING to ring of protection from fire.
  1322 | D:2      | 1322 ||| READING scroll labelled JIGEAPLENI.
  1323 | D:2      | 1323 ||| READING scroll labelled UMYOFA REEGRUGG.
  1328 | D:2      | 1328 ||| READING scroll labelled ALOAMI QOFIFYA.
  1329 | D:2      | 1329 ||| READING scroll labelled ONAIFF JOHEAH.
  1508 | D:3      | Reached skill level 6 in Ranged Weapons
  1534 | D:3      | Identified the +3 leather armour of Impressiveness {+Blink}
  1836 | D:3      | 1836 ||| UPGRADING to +3 leather armour of Impressiveness
                  | {+Blink}.
  1846 | D:3      | 1846 ||| DROPPING +0 ring mail.
  1847 | D:3      | 1847 ||| UPGRADING to amulet of guardian spirit.
  1852 | D:3      | 1852 ||| UPGRADING to +5 ring of evasion.
  1853 | D:3      | 1853 ||| DROPPING ring of flight.
  1854 | D:3      | 1854 ||| READING 2 scrolls labelled POUPOM USELU.
  1855 | D:3      | 1855 ||| READING scroll of enchant weapon.
  1855 | D:3      | 1855 ||| ENCHANTING +1 shortbow.
  1856 | D:3      | 1856 ||| DRINKING 2 lumpy black potions.
  1857 | D:3      | 1857 ||| DROPPING potion of enlightenment.
  1867 | D:4      | Noticed an ogre
  1870 | D:4      | 1870 ||| FLEEEEING.
  1871 | D:4      | 1871 ||| FLEEEEING.
  1872 | D:4      | 1872 ||| STAIRDANCE
  1891 | D:4      | 1891 ||| STAIRDANCE
  1895 | D:3      | Killed an ogre
  1896 | D:3      | Reached XP level 5. HP: 25/48 MP: 1/4
  1980 | D:4      | 1980 ||| STAIRDANCE
  2050 | D:4      | 2050 ||| STAIRDANCE
  2058 | D:3      | Reached XP level 6. HP: 51/56 MP: 5/5
  2256 | D:4      | Found a staircase to the Ecumenical Temple.
  2257 | D:4      | 2257 ||| PLANNING TEMPLE
  2278 | D:4      | Reached skill level 7 in Ranged Weapons
  2278 | D:4      | 2278 ||| FLEEEEING.
  2279 | D:4      | 2279 ||| FLEEEEING.
  2280 | D:4      | 2280 ||| FLEEEEING.
  2281 | D:4      | 2281 ||| FLEEEEING.
  2284 | D:4      | 2284 ||| FLEEEEING.
  2285 | D:4      | 2285 ||| FLEEEEING.
  2286 | D:4      | 2286 ||| FLEEEEING.
  2287 | D:4      | 2287 ||| FLEEEEING.
  2294 | D:4      | 2294 ||| STAIRDANCE
  2351 | Temple   | Entered the Ecumenical Temple
  2447 | Temple   | 2447 ||| PLANNING D:1-11
  2668 | D:4      | Reached skill level 8 in Ranged Weapons
  2668 | D:4      | Reached XP level 7. HP: 24/61 MP: 2/6
  3003 | D:4      | 3003 ||| READING scroll labelled XEMNUD ADGHUPH.
  3092 | D:4      | 3092 ||| READING 2 scrolls of identify.
  3092 | D:4      | 3092 ||| IDENTIFYING fizzy red potion
  3104 | D:5      | Entered Level 5 of the Dungeon
  3149 | D:5      | Reached skill level 3 in Dodging
  3270 | D:5      | Found a shimmering blue altar of Sif Muna.
  3367 | D:5      | 3367 ||| READING 2 scrolls of identify.
  3367 | D:5      | 3367 ||| IDENTIFYING fizzy brown potion
  3381 | D:5      | Reached skill level 9 in Ranged Weapons
  3618 | D:5      | Reached skill level 6 in Fighting
  3618 | D:5      | Reached XP level 8. HP: 69/70 MP: 7/7
  3744 | D:5      | Found a hazy altar of Hepliaklqana.
  3940 | D:5      | 3940 ||| SWAPPING to +0 orcbow.
  3941 | D:5      | 3941 ||| DROPPING +2 shortbow.
  3942 | D:5      | 3942 ||| READING scroll labelled MEOMOXEZXUGIJ.
  3943 | D:5      | 3943 ||| READING 2 scrolls labelled VOAFYNI KEGGIO.
  3944 | D:5      | 3944 ||| DROPPING scroll of immolation.
  3996 | D:6      | 3996 ||| Stepping ~*~*~tactically~*~*~ (outnumbered).
  3998 | D:6      | 3998 ||| Stepping ~*~*~tactically~*~*~ (outnumbered).
  4001 | D:6      | 4001 ||| FLEEEEING.
  4029 | D:6      | Reached skill level 10 in Ranged Weapons
  4135 | D:6      | HP: 17/70 [gnoll/+0 spear (2)]
  4136 | D:6      | 4136 ||| DRINKING potion of heal wounds.
  4369 | D:6      | Noticed a two-headed ogre
  4379 | D:6      | Killed a two-headed ogre
  4380 | D:6      | Reached skill level 9 in Fighting
  4380 | D:6      | Reached XP level 9. HP: 56/83 MP: 5/8
  4940 | D:6      | Found a hide-covered altar of Uskayaw.
  5355 | D:6      | 5355 ||| DRINKING 2 puce potions.
  5356 | D:6      | 5356 ||| DROPPING potion of degeneration.
  5465 | D:7      | Found an ancient bone altar of Kikubaaqudgha.
  5531 | D:7      | Reached skill level 11 in Ranged Weapons
  5556 | D:7      | Reached skill level 12 in Ranged Weapons
  5833 | D:7      | 5833 ||| Stepping ~*~*~tactically~*~*~ (outnumbered).
  5835 | D:7      | 5835 ||| Stepping ~*~*~tactically~*~*~ (outnumbered).
  5838 | D:7      | 5838 ||| Stepping ~*~*~tactically~*~*~ (outnumbered).
  5841 | D:7      | 5841 ||| Stepping ~*~*~tactically~*~*~ (outnumbered).
  6173 | D:7      | Found an iron altar of Okawaru.
  6174 | D:7      | 6174 ||| PLANNING OKAWARU WORSHIP
  6180 | D:7      | Became a worshipper of Warmaster Okawaru
  6180 | D:7      | 6180 ||| PLANNING D:1-11
  6181 | D:7      | 6181 ||| REMOVING amulet of guardian spirit.
  6367 | D:7      | Reached skill level 6 in Dodging
  6434 | D:7      | Found a shimmering altar of Xom.
  6648 | D:7      | 6648 ||| DROPPING amulet of guardian spirit.
  6649 | D:7      | 6649 ||| READING 2 scrolls of identify.
  6649 | D:7      | 6649 ||| IDENTIFYING fuming orange potion
  6895 | D:8      | Found a staircase to the Lair.
  6921 | D:8      | Found a stormy altar of Qazlal.
  6985 | D:8      | Reached XP level 10. HP: 86/91 MP: 9/9
  7072 | D:8      | 7072 ||| READING scroll of enchant weapon.
  7072 | D:8      | 7072 ||| ENCHANTING +0 orcbow.
  7179 | D:8      | 7179 ||| DROPPING ring of wizardry.
  7189 | D:7      | 7189 ||| PLANNING LAIR
  7225 | Lair:1   | Entered Level 1 of the Lair of Beasts
  7228 | Lair:1   | 7228 ||| STAIRDANCE
  7355 | Lair:1   | 7355 ||| STAIRDANCE
  7365 | D:8      | Reached skill level 13 in Ranged Weapons
  7418 | Lair:1   | 7418 ||| STAIRDANCE
  7427 | D:8      | Reached * piety under Okawaru
  7428 | D:8      | Reached skill level 3 in Armour
  7467 | Lair:1   | 7467 ||| STAIRDANCE
  7543 | Lair:1   | 7543 ||| INVOKING Heroism.
  7551 | Lair:1   | Reached skill level 1 in Invocations
  7645 | Lair:1   | Noticed a cane toad
  7646 | Lair:1   | 7646 ||| INVOKING Heroism.
  7654 | Lair:1   | Killed a cane toad
  7734 | Lair:1   | Noticed a cane toad
  7735 | Lair:1   | 7735 ||| INVOKING Heroism.
  7750 | Lair:1   | Killed a cane toad
  7751 | Lair:1   | 7751 ||| INVOKING Heroism.
  7752 | Lair:1   | Slain by a komodo dragon

Levels and vault maps discovered:
D:1:      mrwooster_arrival_statue_2, layout_basic, minmay_box_of_dots
D:2:      layout_loops_ring, basic_altar
D:3:      layout_basic
D:4:      layout_loops_cross, minmay_temple_entry_waves
D:5:      layout_loops_ring, marbit_many_paths, kennysheep_mini_moat,
          kennysheep_cross_bottleneck
D:6:      layout_layer_cave, nicolae_overflow_crystal_walls
D:7:      layout_cave_pods, nicolae_overflow_hidden_temple,
          mainiacjoe_overflow_alcove_1, old_standard_altar
D:8:      layout_basic, mainiacjoe_overflow_six_doors_small,
          mainiacjoe_overflow_small_starburst, lair_entry_dummy
Temple:   hellmonk_temple_beads
Lair:1:   layout_layer_cave, uniq_gastronok

Skill      XL: |  1  2  3  4  5  6  7  8  9 10 |
---------------+-------------------------------+-----
Ranged Weapons | 5 6 8 9 10 12 13 | 13.7
Armour         | 1 2 3 |  3.8
Fighting       | 3 5 6 9 |  9.2
Dodging        | 3 4 6 |  6.0
Invocations    | 2 |  2.6
Stealth        | |  0.7

Action                     |  1- 3 |  4- 6 |  7- 9 | 10-12 || total
---------------------------+-------+-------+-------+-------++-------
   Fire: Shortbow          |    79 |   165 |   112 |       ||   356
         Orcbow            |       |       |   269 |    64 ||   333
 Invoke: Heroism           |       |       |       |     4 ||     4
    Use: Scroll            |     2 |     6 |     6 |     1 ||    15
         Potion            |       |     1 |     2 |       ||     3
 Armour: Leather armour    |     2 |     5 |    29 |     4 ||    40
         Ring mail         |     6 |     5 |       |       ||    11
  Dodge: Dodged            |    14 |    46 |   152 |    41 ||   253

Table legend:
 A = Non-vault XP
 B = Vault XP
 C = Vault XP percentage of total XP
 D = Non-vault monster count
 E = Vault monster count
 F = Vault count percentage of total count
                 A         B        C        D         E       F
            +---------+---------+-------+---------+---------+-------
      Total |    8011 |       9 |   0.1 |     175 |       4 |   2.2
            +---------+---------+-------+---------+---------+-------
        D:1 |      16 |       6 |  27.3 |       9 |       3 |  25.0
        D:2 |     111 |       0 |   0.0 |      23 |       0 |   0.0
        D:3 |     253 |       0 |   0.0 |      20 |       0 |   0.0
        D:4 |     397 |       0 |   0.0 |      20 |       0 |   0.0
        D:5 |     891 |       3 |   0.3 |      20 |       1 |   4.8
        D:6 |    1653 |       0 |   0.0 |      28 |       0 |   0.0
        D:7 |    1790 |       0 |   0.0 |      36 |       0 |   0.0
        D:8 |    1568 |       0 |   0.0 |      15 |       0 |   0.0
     Lair:1 |    1332 |       0 |   0.0 |       4 |       0 |   0.0
            +---------+---------+-------+---------+---------+-------
